 Dungeon Crawl Stone Soup version 0.23.0 (webtiles) character file.

Game seed: 7784452667148655467

4666 doot the Martial Artist (level 10, -10/74 HPs)
             Began as a Merfolk Transmuter on Feb 10, 2019.
             Was an Initiate of Sif Muna.
             Mangled by a yak (15 damage)
             ... on level 9 of the Dungeon.
             The game lasted 00:33:57 (11971 turns).

doot the Martial Artist (Merfolk Transmuter)       Turns: 11971, Time: 00:33:58

Health: -10/74     AC:  3    Str: 11    XL:     10   Next: 44%
Magic:  8/18       EV: 17    Int: 19    God:    Sif Muna [......]
Gold:   385        SH:  0    Dex: 15    Spells: 6/20 levels left

rFire    . . .     SeeInvis .     - Unarmed
rCold    . . .     Gourm    .   (shield currently unavailable)
rNeg     . . .     Faith    .   b - +0 robe
rPois    .         Spirit   .   (no helmet)
rElec    .         Reflect  .   D - +0 cloak
rCorr    .         Harm     .   (gloves currently unavailable)
MR       .....                  (no boots)
Stlth    +++.......             (no amulet)
HPRegen  0.22/turn              G - ring of wizardry
MPRegen  0.16/turn              c - +4 ring of intelligence

@: blade hands, very slightly contaminated
A: change form in water, swift swim, stealthy swim
a: End Transformation, Renounce Religion


You were on level 9 of the Dungeon.
You worshipped Sif Muna.
Sif Muna was noncommittal.
You were near starving.
You had blades for hands.
You visited 2 branches of the dungeon, and saw 10 of its levels.
You also visited: Sewer.

You collected 385 gold pieces.

Inventory:

Hand Weapons
 h - a +0 scythe
 i - a +1 whip of flaming
 C - a +3 quarterstaff of chaos
 J - the +6 double sword "Dyvyhuler" (melded) {slice, Str+2 Dex+4}
   (You found it on level 8 of the Dungeon)

   It inflicts extra damage upon your enemies.
   It affects your strength (+2).
   It affects your dexterity (+4).
Missiles
 a - 172 arrows
Armour
 b - a +0 robe (worn)
 D - a +0 cloak (worn)
Magical Staves
 o - an uncursed staff of fire
Jewellery
 c - a +4 ring of intelligence (right scythe-like blade)
 x - an uncursed ring of protection from cold
 G - a ring of wizardry (left scythe-like blade)
 I - an uncursed ring of see invisible
Wands
 f - a wand of digging (5)
 t - a wand of paralysis (3)
 u - a wand of random effects (12)
 A - a wand of flame (15)
Scrolls
 g - 6 scrolls of identify
 k - 5 scrolls of teleportation
 l - 3 scrolls of amnesia
 r - 2 scrolls of fog
 s - 3 scrolls of enchant weapon
 v - a scroll of fear
 w - 2 scrolls of remove curse {unknown}
 y - a scroll of blinking {unknown}
 B - 2 scrolls of magic mapping {unknown}
Potions
 e - a potion of agility
 j - 7 potions of curing
 m - 8 potions of heal wounds {unknown}
 n - 5 potions of flight {unknown}
 p - a potion of brilliance {unknown}
 q - a potion of might
 z - 2 potions of ambrosia {unknown}
 E - a potion of haste
 F - a potion of cancellation
 H - a potion of degeneration {unknown}
Comestibles
 d - 16 rations


   Skills:
 + Level 5.0 Fighting
 + Level 1.1 Long Blades
 + Level 7.5(7.9) Polearms
 - Level 1.9(3.3) Staves
 + Level 8.0 Dodging
 + Level 5.0 Stealth
 + Level 8.2 Unarmed Combat
 + Level 5.7 Spellcasting
 + Level 6.8 Transmutations
 + Level 3.0 Poison Magic


You had 6 spell levels left.
You knew the following spells:

 Your Spells              Type           Power        Failure   Level  Hunger
a - Blade Hands           Tmut           ####......   30%         5    #####..
b - Sticks to Snakes      Tmut           ####....     6%          2    None
c - Spider Form           Tmut/Pois      ###.......   13%         3    ##.....
d - Olgreb's Toxic Radia  Pois           ###.....     41%         4    ####...

Your spell library contained the following spells:

 Spells                   Type           Power        Failure   Level  Hunger
 Beastly Appendage        Tmut           ####..       5%          1    None
 Sting                    Conj/Pois      ##..         16%         1    None
 Poisonous Vapours        Pois/Air       ##....       21%         2    None
 Magic Dart               Conj           #...         22%         1    None
 Searing Ray              Conj           #.....       28%         2    None
 Mephitic Cloud           Conj/Pois/Air  #.......     32%         3    ##.....
 Ice Form                 Ice/Tmut       ###.....     38%         4    ####...
 Dazzling Spray           Conj/Hex       #.....       43%         3    ##.....
 Force Lance              Conj/Tloc      #.......     73%         4    ####...
 Fulminant Prism          Conj/Hex       #.........   73%         4    ####...
 Iskenderun's Mystic Bla  Conj           #.......     73%         4    ####...
 Venom Bolt               Conj/Pois      ##........   82%         5    #####..


Dungeon Overview and Level Annotations

Branches:
Dungeon (9/15)             Temple (1/1) D:4
   Lair: D:8-11         Orc: D:9-12

Altars:
Ashenzari
Dithmenos
Elyvilon
Fedhas
Gozag
Hepliaklqana
Kikubaaqudgha
Qazlal
Ru
Sif Muna
Trog
Vehumet
Wu Jian
Xom
Yredelemnul
Zin
The Shining One

Annotations:
D:8 HEYYEYAAE's ghost, novice OpHu


Message History

You barely miss the yak.
The yak is moderately wounded.
You are near starving!
The yak gores you! The yak closely misses you. The yak barely misses you.
You slash the yak!
The yak is severely wounded.
The yak gores you.
You slice the yak!!
The yak is severely wounded.
The yak gores you! x3
* * * LOW HITPOINT WARNING * * *
The yak gores you!
* * * LOW HITPOINT WARNING * * *
Unknown command.
You slice the yak!!
You kill the yak!
Sif Muna accepts your kill.
Your Dodging skill increases to level 8!
The yak misses you. x2; The yak gores you!
You die...

≈≈≈≈≈≈≈≈≈≈≈≈≈≈≈≈≈
≈≈≈≈≈≈≈≈≈≈≈≈≈≈≈≈≈
≈≈≈≈≈≈≈≈≈≈≈≈≈≈≈≈≈
≈≈≈≈≈≈≈≈≈≈≈≈≈≈≈≈≈
≈≈≈≈≈≈≈≈≈≈≈≈≈≈≈≈≈
≈≈≈≈≈≈≈≈≈≈≈≈≈≈≈≈≈
##########≈≈≈≈≈≈≈
......YY@.≈≈≈≈≈≈≈
.>.....YY)≈≈≈≈≈≈≈
.>.......<≈≈≈≈≈≈≈
..........≈≈≈≈≈≈≈
..........≈≈≈≈≈≈≈
..........≈≈≈≈≈≈≈
..........≈≈≈≈≈≈≈
..........≈≈≈≈≈≈≈
.......=..≈≈≈≈≈≈≈


You could see 4 yaks.

Vanquished Creatures
  Harold (D:7)
  Sigmund (D:5)
  4 hogs (D:7)
  A yak (D:9)
  A human (D:7)
  A water moccasin (D:8)
  An ice beast (D:8)
  3 ogres
  2 centaurs
  3 big kobolds (Sewer)
  A bullfrog (D:6)
  A wyvern skeleton (D:7)
  5 scorpions
  5 killer bees (D:7)
  4 howler monkeys
  5 wights (D:8)
  5 crimson imps
  2 centaur zombies
  A jelly (D:7)
  2 hounds
  Crazy Yiuf (D:7)
  A bullfrog zombie (D:7)
  An orc priest (D:5)
  A centaur skeleton (D:5)
  2 iguanas
  Natasha (twice) (D:2)
  6 orc wizards
  A killer bee zombie (D:8)
  6 worker ants
  A hound skeleton (D:5)
  11 gnolls
  A worker ant zombie (D:6)
  5 adders
  4 shadow imps
  An adder skeleton (D:4)
  4 dart slugs
  7 leopard geckos
  13 orcs
  6 ball pythons
  5 giant cockroaches
  9 goblins
  5 hobgoblins
  8 jackals
  7 quokkas
  12 bats
  5 frilled lizards
  A jackal skeleton (D:5)
  18 kobolds
  A leopard gecko skeleton (D:4)
  12 rats
206 creatures vanquished.

Vanquished Creatures (collateral kills)
  A crimson imp (D:9)
  An adder (D:4)
  A kobold (Sewer)
3 creatures vanquished.

Vanquished Creatures (others)
  A worker ant (D:4)
  2 plants (D:8)
3 creatures vanquished.

Grand Total: 212 creatures vanquished

Notes
Turn   | Place    | Note
-------+----------+-------------------------------------------
     0 | D:1      | doot the Merfolk Transmuter began the quest for the Orb.
     0 | D:1      | Reached XP level 1. HP: 15/15 MP: 3/3
   286 | D:1      | Reached XP level 2. HP: 21/21 MP: 3/5
   449 | D:2      | Learned a level 2 spell: Sticks to Snakes
   589 | D:2      | Noticed Natasha
   848 | D:2      | Reached XP level 3. HP: 26/26 MP: 4/6
   853 | D:2      | Learned a level 3 spell: Spider Form
  1362 | D:4      | Reached XP level 4. HP: 18/32 MP: 0/7
  1779 | D:4      | Reached XP level 5. HP: 23/37 MP: 4/9
  2072 | D:4      | Reached XP level 6. HP: 43/43 MP: 6/11
  2080 | D:4      | Reached skill level 5 in Unarmed Combat
  2237 | D:4      | Found a sacrificial altar of Ru.
  2369 | D:4      | Reached skill level 1 in Poison Magic
  2411 | D:5      | Entered Level 5 of the Dungeon
  2471 | D:5      | Found a basalt altar of Yredelemnul.
  2551 | D:5      | Found a glowing drain.
  2562 | Sewer    | Entered a sewer
  2570 | Sewer    | Learned a level 5 spell: Blade Hands
  2731 | Sewer    | Reached XP level 7. HP: 49/49 MP: 12/12
  3120 | Sewer    | Reached skill level 1 in Stealth
  3386 | Sewer    | Reached skill level 1 in Staves
  3913 | D:5      | Noticed Sigmund
  3962 | D:5      | Killed Sigmund
  4378 | D:6      | Found a shadowy altar of Dithmenos.
  4382 | D:6      | Reached XP level 8. HP: 52/57 MP: 10/14
  4414 | D:6      | Paralysed by a crimson imp for 5 turns
  4427 | D:6      | Reached skill level 1 in Polearms
  4486 | D:6      | Reached skill level 5 in Transmutations
  4970 | D:6      | Reached skill level 5 in Dodging
  5271 | D:6      | Found a radiant altar of Vehumet.
  5275 | D:6      | Found a bloodstained altar of Trog.
  6108 | D:7      | Reached skill level 5 in Spellcasting
  6387 | D:7      | Reached XP level 9. HP: 47/64 MP: 13/16
  6629 | D:7      | Noticed Harold
  6655 | D:7      | Killed Harold
  6655 | D:7      | Reached skill level 5 in Polearms
  7203 | D:7      | Found a runed translucent door.
  7204 | D:7      | Noticed Crazy Yiuf
  7209 | D:7      | Killed Crazy Yiuf
  7441 | D:4      | Found a staircase to the Ecumenical Temple.
  7461 | Temple   | Entered the Ecumenical Temple
  7512 | Temple   | Became a worshipper of Sif Muna the Loreminder
  7982 | D:3      | Reached XP level 10. HP: 73/73 MP: 18/18
  8247 | D:2      | Killed Natasha
  8466 | D:2      | Noticed Natasha
  8471 | D:2      | Killed Natasha
  9802 | D:5      | Reached skill level 5 in Stealth
 10855 | D:8      | Found a runed translucent gate.
 10855 | D:8      | Found a runed translucent gate.
 10859 | D:8      | Noticed an 11-headed hydra
 10860 | D:8      | Found a runed translucent gate.
 10862 | D:8      | Noticed HEYYEYAAE's ghost (novice OpHu)
 10910 | D:8      | Found a glowing silver altar of Zin.
 11284 | D:8      | Learned a level 4 spell: Olgreb's Toxic Radiance
 11891 | D:8      | Got a bloodstained double sword
 11922 | D:8      | Reached skill level 5 in Fighting
 11942 | D:9      | Identified the +6 double sword "Dyvyhuler" {slice, Str+2
                  | Dex+4} (You found it on level 8 of the Dungeon)
 11966 | D:9      | Reached skill level 1 in Long Blades
 11971 | D:9      | Mangled by a yak

Skill      XL: |  1  2  3  4  5  6  7  8  9 10 |
---------------+-------------------------------+-----
Dodging        | 3 4 5 7 8 |  8.0
Unarmed Combat | 4 5 6 7 8 |  8.2
Transmutations | 3 4 5 6 |  6.8
Spellcasting   | 3 4 5 |  5.7
Poison Magic   | 1 2 3 |  3.0
Fighting       | 2 3 4 5 |  5.0
Stealth        | 2 3 4 5 |  5.0
Staves         | 1 |  1.9
Polearms       | 4 6 7 |  7.5
Long Blades    | 1 |  1.1

Action                   |  1- 3 |  4- 6 |  7- 9 | 10-12 || total
-------------------------+-------+-------+-------+-------++-------
Melee: Unarmed           |    73 |    60 |   136 |    83 ||   352
       Headbutt          |     6 |     3 |       |       ||     9
       Tailslap          |     3 |     3 |     8 |     4 ||    18
       Staff             |       |    35 |    88 |       ||   123
       Scythe            |       |       |    92 |   135 ||   227
       Punch             |       |       |     2 |       ||     2
       Double sword      |       |       |       |     2 ||     2
 Cast: Beastly Appendage |    19 |     2 |       |       ||    21
       Spider Form       |     1 |     7 |     8 |     3 ||    19
       Sticks to Snakes  |       |     3 |     2 |     1 ||     6
       Blade Hands       |       |       |    13 |    12 ||    25
 Abil: End Transformatio |       |       |       |     1 ||     1
  Use: Potion            |     2 |     1 |     3 |       ||     6
       Scroll            |       |     7 |       |       ||     7
 Stab: Sleeping          |       |     1 |     9 |     9 ||    19
       Invisible         |       |       |     7 |       ||     7
       Distracted        |       |       |     1 |       ||     1
  Eat: Chunk             |     1 |     7 |    19 |    13 ||    40
       Ration            |       |       |     2 |     1 ||     3
Armor: Robe              |    11 |     3 |    27 |    21 ||    62
       Skin              |       |     2 |     2 |     1 ||     5
Dodge: Dodged            |    65 |    80 |   266 |   229 ||   640
       Rpst.: Double sword |       |       |       |     1 ||     1
